 Dungeon Crawl Stone Soup version 0.26-a0-946-g9485abf61d (webtiles) character file.

Game seed: 5864687499552529570

48 Forecaster the Magician (level 3, 0/28 HPs)
             Began as a Naga Hedge Wizard on Nov 28, 2020.
             Slain by a gnoll (5 damage)
             ... on level 2 of the Dungeon.
             The game lasted 00:03:51 (1179 turns).

Forecaster the Magician (Naga Hedge Wizard)         Turns: 1179, Time: 00:03:52

Health: 0/28       AC:  2    Str: 12    XL:     3   Next: 72%
Magic:  2/8        EV: 10    Int: 14    God:
Gold:   59         SH:  0    Dex: 11    Spells: 5/10 levels left

rFire    . . .     SeeInvis +   d - +2 short sword (drain)
rCold    . . .     Faith    .   (no shield)
rNeg     . . .     Spirit   .   b - +0 robe
rPois    +         Reflect  .   c - +0 hat
rElec    .         Harm     .   (no cloak)
rCorr    .         Rampage  .   (no gloves)
MR       .....                  (no barding)
Stlth    ++........             (no amulet)
HPRegen  0.09/turn              (no ring)
MPRegen  0.11/turn              (no ring)

@: very slow
A: large, see invisible, deformed body, poison resistance, slowness 2, spit
poison 1, AC +1
a: Spit Poison


You were on level 2 of the Dungeon.
You visited 1 branch of the dungeon, and saw 2 of its levels.

You collected 59 gold pieces.

Inventory:

Hand Weapons
 a - a +0 dagger
 d - a +2 short sword of draining (weapon)
Armour
 b - a +0 robe (worn)
 c - a +0 hat (worn)
Scrolls
 f - a scroll of amnesia {unknown}
 g - a scroll of enchant armour {unknown}
 h - 2 scrolls of identify {unknown}
 j - a scroll of blinking {unknown}
 k - a scroll of remove curse {unknown}
Potions
 e - a potion of magic {unknown}
 i - a potion of curing {unknown}


   Skills:
 + Level 0.3 Short Blades
 + Level 1.7 Dodging
 + Level 3.0 Stealth
 + Level 4.1 Spellcasting
 + Level 1.2 Conjurations
 + Level 1.0 Summonings
 + Level 1.0 Translocations


You had 5 spell levels left.
You knew the following spells:

 Your Spells              Type           Power        Failure   Level
a - Magic Dart            Conj           #...         12%         1
b - Call Imp              Summ           #.......     19%         2
c - Blink                 Tloc           N/A          19%         2

Your spell library contained the following spells:

 Spells                   Type           Power        Failure   Level
 Slow                     Hex            #.......     28%         2
 Conjure Flame            Conj/Fire      #.......     41%         3
 Mephitic Cloud           Conj/Pois/Air  #.......     43%         3


Dungeon Overview and Level Annotations

Branches:
Dungeon (2/15)

Altars:


Innate Abilities, Weirdness & Mutations

You cannot wear boots.
Your serpentine skin is tough. (AC +1)
You have supernaturally acute eyesight. (SInv)
Armour fits poorly on your strangely shaped body.
Your system is resistant to poisons. (rPois)
You cover ground very slowly.
You can spit poison.


Message History

You barely miss the gnoll.
The gnoll shouts!
The gnoll hits you!
* * * LOW HITPOINT WARNING * * *
The kobold hits you with a +0 short sword.
* * * LOW HITPOINT WARNING * * *
The gnoll hits you.
* * * LOW HITPOINT WARNING * * *
The kobold hits you but does no damage.
The gnoll throws a throwing net.
The throwing net closely misses you.
You hit the kobold.
The kobold is severely wounded.
The kobold hits you with a +0 short sword.
* * * LOW HITPOINT WARNING * * *
You hit the kobold.
You kill the kobold!
You hit the gnoll. You drain the gnoll.
The gnoll is heavily wounded.
The gnoll closely misses you. The gnoll hits you.
You die...

...........†...#.....
.............<.......
................>....
...........)......#.#
...#####...#......# #
. #.(.#...<##..#
#..g...#....$..
#.g#######..#..# #.@#
.##.# #.(## #.. ###


You could see 2 gnolls.

Vanquished Creatures
  A gnoll (D:2)
  An adder (D:2)
  A dart slug (D:1)
  4 leopard geckos
  A ball python (D:1)
  3 hobgoblins (D:1)
  2 bats
  3 frilled lizards (D:1)
  A goblin (D:1)
  6 kobolds
  2 rats (D:1)
25 creatures vanquished.

Notes
Turn   | Place    | Note
-------+----------+-------------------------------------------
     0 | D:1      | Forecaster the Naga Hedge Wizard began the quest for the
                  | Orb.
     0 | D:1      | Reached XP level 1. HP: 15/15 MP: 4/4
   341 | D:1      | Reached XP level 2. HP: 22/22 MP: 0/6
   689 | D:1      | Learned a level 2 spell: Call Imp
   692 | D:1      | Learned a level 2 spell: Blink
   746 | D:1      | Reached XP level 3. HP: 23/28 MP: 0/8
  1139 | D:2      | Reached skill level 4 in Spellcasting
  1179 | D:2      | Slain by a gnoll

Illustrated notes

Levels and vault maps discovered:
D:1:      ebering_trefoil_twist, layout_basic, minmay_tromino_v7
D:2:      layout_rooms

Skill      XL: |  1  2  3 |
---------------+----------+-----
Spellcasting   | 4 |  4.1
Short Blades   | |  0.3
Dodging        | |  1.7
Stealth        | |  3.0
Conjurations   | |  1.2
Summonings     | |  1.0
Translocations | |  1.0

Action                   || total
-------------------------++-------
Melee: Short sword       ||    30
 Cast: Magic Dart        ||    47
Armor: Robe              ||     3
Dodge: Dodged            ||    18

Table legend: (Time is in decaauts)
 A = Elapsed time spent in this place.
 B = Non-inter-level travel time spent in this place.
 C = Inter-level travel time spent in this place.
 D = Time resting spent in this place.
 E = Time spent auto-exploring this place.
 F = Levels seen in this place.
 G = Mean time per level.
                   A        B        C        D        E       F      G
               +--------+--------+--------+--------+--------+-----+--------+
         Total |   1417 |   1337 |     80 |      0 |   1082 |   2 |  708.5 |
       Dungeon |   1417 |   1337 |     80 |      0 |   1082 |   2 |  708.5 |
               +--------+--------+--------+--------+--------+-----+--------+

Top non-repeatable levels by time:
     D:1: 1360 daAuts
     D:2: 57 daAuts
